Unix NetHack Version 3.7.0-94 Work-in-progress - last build Dec 18 2023 00:11:04 (7e3deff068b9ef4f2ebb9a71ea0f5c4a3b578a14,branch:master). Game began 2023-12-30 11:46:16, ended 2023-12-30 12:01:19. elenmirie, lawful female human Knight ------- -------- +......# #(###(#######(######(##.......| |.....|# --------------- |.(....| |.....|####### #(-.............| ###.......| |.....| #### |.............| # --|----- -------- #-.....| ###..............| # ## |.(.....###|.>...| |.............-##### # |((((.(| ---+--- --------------- # ----....(.| # |.....(---- #### |@m.(mu| ## # |......| -.--.-- -------- |.....| |..<..| |.....| ------- Elenmirie the Esquire St:15 Dx:11 Co:11 In:8 Wi:15 Ch:17 Lawful Dlvl:4 $:34 HP:0(31) Pw:27(27) AC:3 Xp:4/88 T:2001 Burdened Latest messages: You hit the gecko! You kill the gecko! That door is closed. The door opens. You see here a cram ration. You have a little trouble lifting z - a cram ration. Your movements are slowed slightly because of your load. Wait! That's a small mimic! The small mimic just misses! The small mimic hits! You hit the small mimic. You hit the small mimic! The small mimic hits! You hear the chime of a cash register. You hit the small mimic. You hit the small mimic. The small mimic hits! You miss the small mimic. You hit the small mimic. You hit the small mimic! You hit the small mimic. You hit the small mimic! The small mimic turns to flee. You are beginning to feel weak. Wait! That's a small mimic! The small mimic just misses! You hit the small mimic! You miss the small mimic. You miss the small mimic. You miss the small mimic. You miss the small mimic. You hit the small mimic. You hit the small mimic. The small mimic hits! Are you sure you want to pray? [yn] (n) y You begin praying to Lugh. You are surrounded by a shimmering light. You finish your prayer. You feel that Lugh is well-pleased. Your stomach feels content. You miss the small mimic. You miss the small mimic. You hit the small mimic! The small mimic hits! You die... Do you want your possessions identified? [ynq] (y) y Do you want to see your attributes? [ynq] (y) y Do you want an account of creatures vanquished? [ynaq] (y) y Do you want to see your conduct and achievements? [ynq] (y) y Do you want to see the dungeon overview? [ynq] (y) y Inventory: Coins $ - 34 gold pieces Weapons a - an uncursed +1 long sword (weapon in right hand) b - a blessed +1 lance (alternate weapon; not wielded) Armor d - an uncursed +0 helmet (being worn) f - an uncursed +0 pair of leather gloves (being worn) s - an uncursed +0 small shield (being worn) c - an uncursed +1 ring mail (being worn) Comestibles g - 7 uncursed apples z - an uncursed cram ration x - an uncursed food ration Tools w - an uncursed bag of holding containing 7 items e - an uncursed skeleton key Gems/Stones p - an uncursed topaz stone Contents of the bag of holding: 14 uncursed carrots an uncursed cram ration 4 uncursed food rations an uncursed scroll of food detection a cursed scroll of food detection 2 uncursed potions of healing a blessed potion of paralysis Elenmirie the Knight's attributes: Background: You were an Esquire, a level 4 female human Knight. You were lawful, on a mission for Lugh who was opposed by Brigit (neutral) and Manannan Mac Lir (chaotic). You were right-handed. You were in the Dungeons of Doom, on level 4. You entered the dungeon 2001 turns ago. You had 88 experience points, 72 more were needed to attain level 5. Basics: You had 0 out of 31 hit points. You had all 27 energy points (spell power). Your armor class was 3. Your wallet contained 34 zorkmids. Autopickup was on for '$' plus thrown. Final Characteristics: Your strength was 15 (limit:18/100). Your dexterity was 11 (limit:18). Your constitution was 11 (limit:18). Your intelligence was 8 (limit:18). Your wisdom was 15 (limit:18). Your charisma was 17 (limit:18). Final Status: You weren't hungry. You were burdened; movement was slightly slowed. You were wielding a long sword. You had basic skill with long sword. Final Attributes: You were devoutly aligned. You could jump. You were warded. You are dead. Miscellaneous: You never encountered a bones level. Total elapsed playing time was 14 minutes and 57 seconds. Major events: Turn 1: elenmirie the lawful female human Knight entered the dungeon 1467: attained the rank of Esquire (level 3) 2001: killed by a small mimic Vanquished creatures: a ghost an acid blob 2 giant rats a brown mold a gecko 2 jackals 2 kobolds a goblin 2 sewer rats 9 grid bugs 3 lichens a kobold zombie 3 newts 29 creatures vanquished. No species were genocided or became extinct. Voluntary challenges: You were illiterate. You never engraved Elbereth. You never genocided any monsters. You never polymorphed an object. You never changed form. You used no wishes. Achievements: You entered a shop. You attained the rank of Esquire. The Dungeons of Doom: levels 1 to 4 Level 1: An altar, some fountains. Level 2: A general store, a fountain. Level 3: A sink. Level 4: <- You were here. Final resting place for you, killed by a small mimic. Game over: ---------- / \ / REST \ / IN \ / PEACE \ / \ | elenmirie | | 34 Au | | killed by a | | small mimic | | | | | | 2023 | *| * * * | * _________)/\\_//(\/(/\)/\//\/|_)_______ Fare thee well elenmirie the Knight... You died in The Dungeons of Doom on dungeon level 4 with 1007 points, and 34 pieces of gold, after 2001 moves. You were level 4 with a maximum of 31 hit points when you died.